 Dungeon Crawl Stone Soup version 0.29.1-15-g9cfb28693d (webtiles) character file.

Game seed: 10073999747620921161

329901 Hugehornet the Tortoise (level 21, -1/128 HPs)
             Began as a Gargoyle Fighter on Apr 1, 2023.
             Was the Champion of Okawaru.
             Killed from afar by an ironbound thunderhulk (12 damage)
             ... with a bolt of lightning
             ... summoned by a boggart
             ... on level 3 of the Vaults.
             The game lasted 03:07:22 (41212 turns).

Hugehornet the Tortoise (Gargoyle Fighter)         Turns: 41212, Time: 03:07:23

Health: -1/128     AC: 38    Str: 37    XL:     21   Next: 73%
Magic:  29/35      EV: 13    Int: 17    God:    Okawaru [******]
Gold:   3651       SH: 29    Dex: 11    Spells: 25/40 levels left

rFire   + + +      SeeInvis .   k - +6 eveningstar of Purpose {vorpal, rPois Str+4}
rCold   + . .      Faith    .   Y - +8 tower shield {reflect}
rNeg    + + +      Spirit   .   N - +4 plate armour "Xaopu" {rF+}
rPois   ∞          Reflect  +   M - +1 helmet "Esuogoim" {rPois Regen+ Str+2 Dex+3}
rElec   +          Harm     .   P - scarf {rC+ rF+}
rCorr   +          Rampage  .   Z - +1 pair of gloves "Sosholab" {rC+ rCorr Int-3}
Will    +++++      Clarity  +   X - +1 pair of boots of Ufoti {rN+ Will+}
Stlth   ..........              c - amulet of the Four Winds {rN+ Will+++ Clar}
HPRegen 1.11/turn               K - +4 ring of slaying
MPRegen 0.24/turn               q - ring "Quped" {Fire Str+6 Int+2}

@: heroic, finesse-ful, corroded, flying
A: sickness immunity, AC +16, big wings, negative energy resistance 1,
electricity resistance, torment resistance 1, petrification resistance, mutation
resistance 1, strong 1, subdued magic 1
}: 2/15 runes: decaying, gossamer
a: Renounce Religion, Heroism, Finesse, Duel


You were on level 3 of the Vaults.
You worshipped Okawaru.
Okawaru was exalted by your worship.
You visited 8 branches of the dungeon, and saw 37 of its levels.
You visited the Abyss 1 time.
You also visited: Gauntlet.

You collected 5168 gold pieces.
You spent 1517 gold pieces at shops.

Inventory:

Hand Weapons
 a - the +8 hand crossbow "Baeruas" {elec, Dex+6}
   (Okawaru gifted it to you on level 3 of the Elven Halls)

   Any ammunition fired from it occasionally discharges a powerful burst of
   electricity upon striking a foe.
   Dex:       It affects your dexterity (+6).
 i - a +2 demon trident of draining
 k - the +6 eveningstar of Purpose (weapon) {vorpal, rPois Str+4}
   (You acquired it on level 5 of the Lair of Beasts)

   It inflicts extra damage upon your enemies.
   Str:       It affects your strength (+4).
   rPois:     It protects you from poison.
 l - a +4 demon whip of draining
 m - the +4 whip of Floods {freeze, +Blink Str-4 Dex+10}
   (You found it on level 15 of the Dungeon)

   It freezes those it strikes, dealing additional cold damage.
   It can also slow down cold-blooded creatures.
   Str:       It affects your strength (-4).
   Dex:       It affects your dexterity (+10).
   +Blink:    It lets you blink.
 r - a +5 eveningstar of venom
Armour
 b - the +18 shield of the Gong {rElec rN+ Will+ EV-5}
   (You took it off Donald on level 1 of the Vaults)

   It is deafeningly noisy when blocking attacks.
   EV:        It affects your evasion (-5).
   rElec:     It insulates you from electricity.
   rN:        It protects you from negative energy.
   Will:      It increases your willpower.
 f - the +2 pair of boots of Youthful Indiscretion {Dex+3}
   (Okawaru gifted it to you on level 4 of the Swamp)

   Dex:       It affects your dexterity (+3).
 v - the +0 pair of gloves of Gozag's Anger {rF+ Dex+3}
   (You found it on level 4 of the Spider Nest)

   Dex:       It affects your dexterity (+3).
   rF:        It protects you from fire.
 M - the +1 helmet "Esuogoim" (worn) {rPois Regen+ Str+2 Dex+3}
   (You found it in a Gauntlet)

   Str:       It affects your strength (+2).
   Dex:       It affects your dexterity (+3).
   rPois:     It protects you from poison.
   Regen:     It increases your rate of health regeneration.
 N - the +4 plate armour "Xaopu" (worn) {rF+}
   (You took it off a minotaur in a Gauntlet)

   rF:        It protects you from fire.
 P - a scarf of resistance (worn)
 V - the +4 skin of Zhor {*Englaciate rC+++ SInv}
   (You took it off a deep elf knight on level 1 of the Elven Halls)

   It radiates cold, occasionally slowing all nearby creatures who are not
   resistant to cold.
   rC:        It renders you almost immune to cold.
   SInv:      It lets you see invisible.
 X - the +1 pair of boots of Ufoti (worn) {rN+ Will+}
   (You found it on level 4 of the Spider Nest)

   rN:        It protects you from negative energy.
   Will:      It increases your willpower.
 Y - a +8 tower shield of reflection (worn)
 Z - the +1 pair of gloves "Sosholab" (worn) {rC+ rCorr Int-3}
   (Okawaru gifted it to you on level 13 of the Dungeon)

   Int:       It affects your intelligence (-3).
   rC:        It protects you from cold.
   rCorr:     It protects you from acid and corrosion.
Jewellery
 c - the amulet of the Four Winds (around neck) {rN+ Will+++ Clar}
   (You found it in a Gauntlet)

   [amulet of nothing]

   rN:        It protects you from negative energy.
   Clar:      It protects you against confusion.
   Will:      It greatly increases your willpower.
 e - a ring of ice
 g - a ring of protection from fire
 h - the ring of Entrepreneurial Spirit {rC+ Will+}
   (You took it off an orc warlord on level 1 of the Vaults)

   [ring of willpower]

   rC:        It protects you from cold.
   Will:      It increases your willpower.
 n - a ring of willpower
 q - the ring "Quped" (right hand) {Fire Str+6 Int+2}
   (You found it on level 4 of the Spider Nest)

   [ring of fire]

   It enhances your fire magic.
   Str:       It affects your strength (+6).
   Int:       It affects your intelligence (+2).
   rF:        It protects you from fire.
   rC:        It makes you vulnerable to cold.
 K - a +4 ring of slaying (left hand)
 Q - the amulet of Circularity {Spirit Rampage Will+ Int+2 Dex+3}
   (You took it off a deep elf sorcerer on level 3 of the Elven Halls)

   [amulet of guardian spirit]

   It causes incoming damage to be divided between your reserves of health and
   magic.
   Int:       It affects your intelligence (+2).
   Dex:       It affects your dexterity (+3).
   Rampage:   It bestows one free step when moving towards enemies.
   Will:      It increases your willpower.
Wands
 y - a wand of flame (85)
 D - a wand of mindburst (41)
 E - a wand of paralysis (27)
 L - a wand of polymorph (8)
 R - a wand of quicksilver (10)
 T - a wand of iceblast (54)
 U - a wand of digging (35)
Scrolls
 d - 9 scrolls of poison
 j - 16 scrolls of teleportation
 o - 14 scrolls of amnesia
 s - a scroll of enchant armour
 t - 3 scrolls of blinking
 u - 8 scrolls of magic mapping
 w - 3 scrolls of silence
 F - 3 scrolls of fog
 J - 12 scrolls of fear
Potions
 p - 4 potions of haste
 x - 5 potions of brilliance
 z - 4 potions of resistance
 A - 4 potions of magic
 B - 4 potions of berserk rage
 C - 15 potions of curing
 G - 5 potions of invisibility
 O - 10 potions of might
 S - 7 potions of ambrosia
 W - 3 potions of cancellation


   Skills:
 + Level 12.9(17.9) Fighting
 - Level 16.4(21.4) Maces & Flails
 - Level 16.0(21.0) Ranged Weapons
 * Level 19.9(24.9) Armour
 + Level 7.9(12.9) Dodging
 - Level 16.1(21.1) Shields
 - Level 10.0 Spellcasting
 - Level 10.0 Translocations
 - Level 10.0 Invocations


You had 25 spell levels left.
You knew the following spells:

 Your Spells              Type           Power      Damage    Failure   Level
a - Lesser Beckoning      Tloc           32%        N/A       1%          3
b - Apportation           Tloc           64%        N/A       1%          1
c - Gell's Gravitas       Tloc           32%        N/A       1%          3
d - Teleport Other        Tloc           32%        N/A       1%          3
e - Conjure Flame         Conj/Fire      9%         6-21      71%         3
f - Blink                 Tloc           64%        N/A       1%          2

Your spell library contained the following spells:

 Spells                   Type           Power      Damage    Failure   Level
 Manifold Assault         Tloc           32%        N/A       16%         5
 Foxfire                  Conj/Fire      36%        2x1d5     32%         1
 Freeze                   Ice            24%        1d5       32%         1
 Necrotise                Necr           24%        1d5       32%         1
 Ensorcelled Hibernation  Hex/Ice        12%        N/A       47%         2
 Passwall                 Tmut/Erth      5%         N/A       47%         2
 Poisonous Vapours        Pois/Air       12%        N/A       47%         2
 Scorch                   Fire           18%        2d6       47%         2
 Static Discharge         Conj/Air       6%         3-4/arc   47%         2
 Dispersal                Tloc           16%        N/A       65%         6
 Confusing Touch          Hex            6%         N/A       71%         3
 Frozen Ramparts          Ice            12%        1d2       71%         3
 Ignite Poison            Fire/Tmut/Pois 9%         N/A       71%         3
 Inner Flame              Hex/Fire       9%         N/A       71%         3
 Mephitic Cloud           Conj/Pois/Air  6%         N/A       71%         3
 Swiftness                Air            6%         N/A       71%         3
 Anguish                  Hex/Necr       3%         N/A       98%         4
 Cause Fear               Hex            3%         N/A       98%         4
 Corpse Rot               Necr/Pois/Air  6%         N/A       98%         4
 Flame Wave               Conj/Fire      9%         2d6       98%         4
 Hailstorm                Conj/Ice       6%         3d4       98%         4
 Olgreb's Toxic Radiance  Pois           6%         N/A       98%         4
 Alistair's Intoxication  Tmut/Pois      4%         N/A       100%        5
 Fireball                 Conj/Fire      4%         3d4       100%        5
 Freezing Cloud           Conj/Ice/Air   3%         6-21      100%        5
 Iskenderun's Battlesphe  Conj           6%         2d6       100%        5
 Lightning Bolt           Conj/Air       3%         1d14      100%        5
 Yara's Violent Unravell  Hex/Tmut       3%         3d4       100%        5
 Conjure Ball Lightning   Conj/Air       3%         3x3d6     100%        6
 Enfeeble                 Hex            3%         N/A       100%        7
 Orb of Destruction       Conj           3%         9d5       100%        7
 Ozocubu's Refrigeration  Ice            3%         4d8       100%        7
 Storm Form               Tmut/Air       3%         N/A       100%        7
 Borgnjor's Revivificati  Necr           3%         N/A       100%        8
 Discord                  Hex            3%         N/A       100%        8
 Disjunction              Tloc           16%        N/A       100%        8
 Maxwell's Capacitive Co  Air            3%         ∞         100%        8
 Call Imp                 Summ           Unusable   N/A       N/A         2
 Call Canine Familiar     Summ           Unusable   N/A       N/A         3
 Summon Ice Beast         Ice/Summ       Unusable   N/A       N/A         4
 Summon Mana Viper        Hex/Summ       Unusable   N/A       N/A         5
 Summon Cactus Giant      Summ           Unusable   N/A       N/A         6
 Haunt                    Necr/Summ      Unusable   N/A       N/A         7

Dungeon Overview and Level Annotations

Branches:
Dungeon (15/15)            Temple (1/1) D:6            Lair (5/5) D:10
  Swamp (4/4) Lair:3       Spider (4/4) Lair:3        Slime (0/5) Lair:5
    Orc (2/2) D:12            Elf (3/3) Orc:2        Vaults (3/5) D:13
 Depths (0/4) D:15        Gauntlet (visited)
  Crypt: Vaults:2-3

Altars:
Ashenzari
Cheibriados
Dithmenos
Elyvilon
Fedhas
Gozag
Hepliaklqana
Kikubaaqudgha
Makhleb
Nemelex Xobeh
Okawaru
Qazlal
Ru
Sif Muna
Trog
Uskayaw
Vehumet
Wu Jian
Xom
Yredelemnul
Zin
The Shining One
Jiyva

Shops:
D:4 [   D:5 *   D:6 =?   D:7 *   D:10 [[=?   Orc:2 [([[   Elf:1 ??(   Elf:2 !
Elf:3 ?([!

Portals:
Abyss: Vaults:1

Annotations:
Vaults:1 2 transporters, Manslay's ghost, adept OpCj


Innate Abilities, Weirdness & Mutations

You are immune to sickness and miasma.
Your stone body is resilient. (AC +16)
You are immune to poison.
Your large and strong wings let you fly.
You resist negative energy. (rN+)
You are resistant to electric shocks. (rElec)
You are resistant to unholy torment.
You are immune to petrification.
You are somewhat resistant to further mutation.
Your muscles are strong. (Str +4, Int/Dex -1)
Your spells are a little easier to cast, but a little less powerful.


Message History

You block the dire elephant's attack.
The ironbound preserver mumbles some strange words.
The ironbound preserver begins to accept its allies' injuries.
The boggart gestures wildly while chanting.
You can now deal lightning-fast blows.
You block the dire elephant's attack.
The dire elephant trunk-slaps you but does no damage.
The ironbound convoker casts a spell at something.
The boggart gestures wildly while chanting.
You gain the combat prowess of a mighty hero.
The dire elephant tramples you!!!
You hold your ground!
The dire elephant closely misses you.
The vault sentinel blows a loud note on a signal horn!
You block the ironbound thunderhulk's attack.
You hear a roar!
You are too injured to fight recklessly!
You are too injured to fight recklessly!
You are too injured to fight recklessly!
Unknown command.
You are too injured to fight recklessly!
You hit the ironbound thunderhulk but do no damage.
You hear a shout!
You block the dire elephant's attack. x2
You bludgeon the ironbound thunderhulk!!
The ironbound thunderhulk is moderately wounded.
You hit the ironbound thunderhulk but do no damage.
The ironbound thunderhulk is moderately wounded.
The dire elephant tramples you!!!
* * * LOW HITPOINT WARNING * * *
You hold your ground!
You block the dire elephant's attack.
The ironbound preserver gestures wildly while chanting.
The ironbound preserver begins to accept its allies' injuries.
You hear a shout! x2
Okay, then.
Blink to where?
Press: ? - help, Dir - move target
As you read the scroll of blinking, it crumbles to dust.
Electricity crackles from the ironbound thunderhulk's apparatus.
The bolt of lightning hits you! You resist.
You die...

#####p##### #..........##
#..gTpkgY§####..........##
#.#p#####O#..'..........##
#.#..#..........##
#.#..#####'####### #.'..#
#......#### #.#..# #......#...
#.#..# #......#...
#.#######@#..# #......#...
#.........#### #......#...
#####'##### #......'...
#.......# ########... #[......#
#...
######'#######################
...............................
.../.....................).....
...............................


You could see a dire elephant (strong, sheltered) and an ironbound thunderhulk
(summoned, sheltered).

Vanquished Creatures
  Mara (Swamp:3)
  Saint Roka (Orc:2)
  Zenata (Elf:1)
  Mlioglotl (Swamp:3)
  A Hell Sentinel (Vaults:1)
  3 deep elf blademasters (Elf:3)
  5 deep elf master archers (Elf:3)
  A sphinx (Vaults:1)
  A thorn hunter (Swamp:4)
  The ghost of Enish the Devastator, an adept DgCj (Spider:4)
  Donald (Vaults:1)
  Kirke (Elf:1)
  2 fire giants (D:15)
  8 vault wardens
  A fenstrider witch (Swamp:3)
  7 deep elf sorcerers
  A ghost moth (Spider:1)
  Louise (Elf:1)
  An orc warlord (Vaults:1)
  An emperor scorpion (Spider:3)
  The ghost of diceflayer the Marksdemonspawn, a journeyman DsHu of Okawaru (Lair:5)
  5 deep elf elementalists (Elf:3)
  11 ironbound preservers
  7 broodmothers
  2 very ugly things (Vaults:1)
  4 ironbound thunderhulks
  A stone giant (Vaults:1)
  The ghost of Epsin the Fighter, a journeyman MiFi of Okawaru (D:15)
  8 deep elf annihilators (Elf:3)
  3 deep elf demonologists (Elf:3)
  4 eleionomae
  5 bunyips
  A minotaur (Gauntlet)
  9 dire elephants
  3 entropy weavers
  Azrael (D:14)
  5 spark wasps
  Snorg (D:11)
  5 deep elf death magi
  2 ettins
  A fire dragon (D:15)
  5 shambling mangroves (Swamp:4)
  Josephine (D:10)
  2 deep elf high priests (Elf:3)
  4 yaktaur captains
  3 great orbs of eyes
  A ghost crab (Swamp:3)
  Erolcha (D:9)
  26 hydras
  3 radroaches
  5 vault guards
  6 boulder beetles
  3 catoblepae
  3 ironbound frosthearts (Vaults:1)
  A death knight (D:13)
  5 centaur warriors
  2 jorogumos (Spider:4)
  27 dancing weapons
  5 two-headed ogres
  5 alligators
  A deep troll shaman (Lair:5)
  5 death yaks (Lair:5)
  A spriggan berserker (Swamp:4)
  Urug (Lair:3)
  2 tengu warriors (D:15)
  Nergalle (Lair:2)
  2 fire crabs
  16 deep elf knights
  3 pharaoh ants
  A wretched star (Abyss:1)
  12 skeletal warriors
  6 goliath frogs
  32 deep trolls
  3 sun moths
  A death drake (Swamp:4)
  9 steelbarb worms
  7 bog bodies
  15 ironbound convokers
  Pikel (D:5)
  4 spriggan druids
  14 orb spiders
  8 swamp dragons
  10 lindwurms
  28 deep elf zephyrmancers
  An orc knight (D:15)
  6 deep elf archers
  9 wizards
  A harpy (Vaults:1)
  3 necromancers
  A phantasmal warrior (Vaults:1)
  22 deep elf pyromancers
  4 orc sorcerers (Orc:2)
  34 ugly things
  25 wolf spiders
  A moth of wrath (shapeshifter) (Elf:3)
  3 will-o-the-wisps
  7 cyclopes
  10 elephants
  4 moths of wrath
  2 naga magi (D:15)
  A rust devil (D:11)
  4 black mambas
  Maurice (D:13)
  A stone giant skeleton (Vaults:2)
  An apocalypse crab (Gauntlet)
  10 vault sentinels
  9 cane toads
  A smoke demon (D:11)
  8 torpor snails
  An unseen horror (D:11)
  3 gargoyles
  Maggie (Lair:2)
  A kobold demonologist (D:12)
  A hellion (Vaults:1)
  3 demonic crawlers
  2 efreet
  23 yaktaurs
  3 rime drakes
  2 tengu conjurers
  A human skeleton (Vaults:2)
  A queen bee (D:10)
  A yaktaur skeleton (Vaults:2)
  4 komodo dragons
  An ancient zyme (Abyss:1)
  2 polar bears
  8 trolls
  A merfolk (shapeshifter) (Elf:2)
  2 meliai (Spider:4)
  27 tarantellas
  15 hornets
  7 tyrant leeches
  11 blink frogs
  19 slime creatures
  8 dream sheep
  A stone giant simulacrum (Vaults:2)
  2 shadows
  An ettin zombie (Vaults:2)
  2 jumping spiders (shapeshifter)
  26 jumping spiders
  2 centaur simulacra (D:15)
  21 culicivoras
  2 air elementals (Elf:3)
  A water elemental (Elf:2)
  Sigmund (D:5)
  9 spriggans
  3 humans (Elf:1)
  3 wyverns
  6 fire bats (Gauntlet)
  7 wraiths
  34 yaks
  Eustachio (D:4)
  7 basilisks
  A chaos spawn (D:11)
  48 redbacks
  3 fire elementals
  A yaktaur simulacrum (Vaults:2)
  11 vampire mosquitoes
  10 swamp worms
  A warg (Orc:2)
  A small abomination (Abyss:1)
  Edmund (D:5)
  4 acid dragons
  17 water moccasins
  A human simulacrum (Vaults:2)
  6 swamp drakes
  8 hell hounds
  2 sky beasts
  38 orc warriors
  9 black bears
  The ghost of Garym the Trooper, an amateur MiFi (D:3)
  5 ogres
  5 boggarts
  11 wolves
  15 centaurs
  2 phantoms (D:12)
  A kobold brigand (D:7)
  3 scorpions
  6 bullfrogs
  A gnoll sergeant (D:7)
  An earth elemental (Elf:1)
  2 necrophages
  9 wights
  25 killer bees
  2 electric eels (Lair:2)
  3 howler monkeys
  A quasit (D:11)
  3 jellies (D:6)
  24 orc priests
  A bullfrog skeleton (D:3)
  A centaur skeleton (D:3)
  7 hounds
  2 gnoll boudas
  3 iguanas
  Terence (D:3)
  Crazy Yiuf (D:4)
  Jessica (D:3)
  Ijyb (D:3)
  18 orc wizards
  A boggart skeleton (D:15)
  9 ogre zombies
  3 howler monkey zombies
  12 gnolls
  6 adders
  A shadow imp (D:8)
  2 white imps
  An ufetubus (D:5)
  4 worms
  5 dart slugs
  79 orcs
  3 ball pythons
  7 endoplasms
  9 giant cockroaches (D:3)
  3 goblins
  8 hobgoblins
  8 jackals
  3 quokkas (D:2)
  3 bats
  4 frilled lizards
  A goblin skeleton (D:12)
  3 goblin zombies (D:12)
  A hobgoblin skeleton (D:12)
  5 hobgoblin zombies (D:12)
  16 kobolds
  2 orc skeletons (D:12)
  13 orc zombies (D:12)
  3 rats
1390 creatures vanquished.

Vanquished Creatures (others)
  A fenstrider witch (Swamp:2)
  A deep elf knight (Elf:2)
  A deep elf pyromancer (Elf:3)
  A deep elf zephyrmancer (Elf:1)
  2 hornets (Swamp:2)
  2 bloated husks (Swamp:1)
  A swamp drake (Swamp:4)
  2 orcs (Orc:2)
  21 foxfires
  30 fungi
  31 plants
93 creatures vanquished.

Grand Total: 1483 creatures vanquished

Notes
Turn   | Place    | Note
-------+----------+-------------------------------------------
     0 | D:1      | Hugehornet the Gargoyle Fighter began the quest for the
                  | Orb.
     0 | D:1      | Reached XP level 1. HP: 14/14 MP: 1/1
   281 | D:1      | Found a faded altar of an unknown god.
   400 | D:1      | Reached XP level 2. HP: 19/19 MP: 2/2
   988 | D:2      | Reached XP level 3. HP: 22/23 MP: 3/3
  1495 | D:2      | Reached XP level 4. HP: 18/28 MP: 4/4
  1647 | D:2      | Found a sacrificial altar of Ru.
  2040 | D:3      | Noticed Terence
  2229 | D:3      | Killed Terence
  2343 | D:3      | Noticed Jessica
  2359 | D:3      | Killed Jessica
  2360 | D:3      | Reached skill level 5 in Maces & Flails
  2360 | D:3      | Reached XP level 5. HP: 29/32 MP: 5/5
  2527 | D:3      | Found a runed translucent gate.
  2528 | D:3      | Found a runed translucent gate.
  2529 | D:3      | Found a runed translucent gate.
  2534 | D:3      | Noticed Garym's ghost (amateur MiFi)
  2768 | D:3      | You fall into a shaft and drop 3 floors!
  2825 | D:6      | Noticed a centaur
  2844 | D:6      | Killed a centaur
  2845 | D:6      | Reached XP level 6. HP: 17/37 MP: 6/6
  3279 | D:6      | Found a basalt altar of Yredelemnul.
  3426 | D:5      | Entered Level 5 of the Dungeon
  3437 | D:5      | Found a hide-covered altar of Uskayaw.
  3437 | D:5      | Noticed a +0 hand axe
  3437 | D:5      | Noticed a +0 dagger
  3438 | D:5      | Noticed Sigmund
  3450 | D:4      | Reached XP level 7. HP: 30/41 MP: 7/7
  3597 | D:4      | Found a shimmering altar of Xom.
  3651 | D:4      | Found Joxen's Antique Armour Boutique.
  4290 | D:3      | Noticed Ijyb
  4309 | D:3      | Killed Ijyb
  4907 | D:3      | Killed Garym's ghost
  5201 | D:4      | Noticed Eustachio
  5414 | D:4      | Reached XP level 8. HP: 41/46 MP: 8/8
  5482 | D:4      | Killed Eustachio
  5790 | D:4      | Found a runed translucent door.
  5791 | D:4      | Noticed Crazy Yiuf
  5932 | D:4      | Killed Crazy Yiuf
  6132 | D:5      | Reached skill level 10 in Maces & Flails
  6216 | D:5      | Noticed Edmund
  6241 | D:5      | Killed Edmund
  6290 | D:5      | Killed Sigmund
  6309 | D:5      | Noticed Pikel
  6340 | D:5      | Killed Pikel
  6341 | D:5      | Reached skill level 6 in Armour
  6341 | D:5      | Reached XP level 9. HP: 51/51 MP: 9/9
  6488 | D:5      | Found Plog's Overcharged Wands.
  6888 | D:6      | Found Zaywum's Jewellery Boutique.
  6914 | D:6      | Reached skill level 7 in Armour
  7025 | D:6      | Reached skill level 8 in Armour
  7079 | D:6      | Found Oneos's Magic Scroll Emporium.
  7084 | D:6      | Bought a scroll of enchant weapon for 105 gold pieces
  7084 | D:6      | Bought a scroll of identify for 28 gold pieces
  7084 | D:6      | Bought a scroll of vulnerability for 56 gold pieces
  7084 | D:6      | Bought a scroll of magic mapping for 105 gold pieces
  7084 | D:6      | Bought a scroll of identify for 28 gold pieces
  7084 | D:6      | Bought a scroll of fear for 56 gold pieces
  7139 | D:6      | Found a staircase to the Ecumenical Temple.
  7157 | Temple   | Entered the Ecumenical Temple
  7624 | D:7      | Identified the +3 scale mail of Jocular Curiosity {Str+3}
  7726 | D:7      | Reached skill level 9 in Armour
  7728 | D:7      | Found an opulent altar of Gozag.
  7735 | D:7      | Found Gozag's Platinum Reserve.
  7737 | D:7      | Found a shimmering blue altar of Sif Muna.
  7816 | D:7      | Found an ancient bone altar of Kikubaaqudgha.
  7912 | D:7      | Reached skill level 10 in Armour
  7963 | D:7      | Found an iron altar of Okawaru.
  7963 | D:7      | Found a snail-covered altar of Cheibriados.
  7976 | D:7      | Reached XP level 10. HP: 53/56 MP: 10/10
  8086 | D:7      | Reached skill level 5 in Fighting
  8178 | D:8      | Found a shadowy altar of Dithmenos.
  8791 | D:8      | Identified the +7 long sword of Ovvepsyo {drain, rF+ Will-
                  | rCorr}
  8867 | D:9      | Found a glowing golden altar of the Shining One.
  8888 | D:9      | Found a hazy altar of Hepliaklqana.
  8945 | D:9      | Noticed Erolcha
  8963 | D:9      | Killed Erolcha
  9862 | D:7      | Became a worshipper of Warmaster Okawaru
  9956 | D:10     | Entered Level 10 of the Dungeon
  9978 | D:9      | Reached skill level 10 in Fighting
  9988 | D:9      | Reached skill level 1 in Invocations
 10001 | D:9      | Reached * piety under Okawaru
 10002 | D:9      | Reached XP level 11. HP: 67/72 MP: 10/12
 10031 | D:10     | Noticed a two-headed ogre
 10051 | D:10     | Killed a two-headed ogre
 10203 | D:10     | Found a staircase to the Lair.
 10236 | D:10     | Noticed a two-headed ogre
 10256 | D:10     | Killed a two-headed ogre
 10256 | D:10     | Reached ** piety under Okawaru
 10257 | D:10     | Reached skill level 5 in Shields
 10550 | D:10     | Found Uleagrawe's Jewellery Shop.
 10552 | D:10     | Found Rizutayt's Magic Scroll Shop.
 10554 | D:10     | Found Geonu's Armour Shop.
 10562 | D:10     | Found Ceuritairr's Antique Armour Shop.
 10641 | D:10     | Reached *** piety under Okawaru
 10701 | D:10     | Reached skill level 5 in Invocations
 10754 | D:10     | Learned a level 3 spell: Lesser Beckoning
 10840 | D:10     | Noticed Josephine
 10858 | D:10     | Killed Josephine
 10859 | D:10     | Reached skill level 1 in Translocations
 10866 | D:10     | Reached skill level 1 in Spellcasting
 10867 | D:10     | Reached **** piety under Okawaru
 10890 | D:10     | Found a blossoming altar of Fedhas.
 11069 | D:11     | Noticed a green ugly thing
 11069 | D:11     | Noticed Snorg
 11084 | D:11     | Killed a green ugly thing
 11103 | D:11     | Killed Snorg
 11104 | D:11     | Reached XP level 12. HP: 63/77 MP: 13/15
 11358 | D:11     | Reached ***** piety under Okawaru
 11854 | Lair:1   | Entered Level 1 of the Lair of Beasts
 11962 | Lair:1   | Noticed a six-headed hydra
 11999 | Lair:2   | Noticed Nergalle
 12026 | Lair:2   | Killed Nergalle
 12027 | Lair:2   | Reached skill level 5 in Translocations
 12212 | Lair:2   | Identified the +3 helmet "Zoxkot" {rF+} (Okawaru gifted it
                  | to you on level 2 of the Lair of Beasts)
 12212 | Lair:2   | Received a gift from Okawaru
 12460 | Lair:2   | Reached skill level 5 in Spellcasting
 12506 | Lair:2   | Noticed Maggie
 12516 | Lair:2   | Killed Maggie
 12518 | Lair:2   | Noticed a seven-headed hydra
 12545 | Lair:2   | Killed a seven-headed hydra
 12615 | Lair:2   | Reached skill level 1 in Dodging
 12615 | Lair:2   | Reached XP level 13. HP: 81/82 MP: 22/22
 14326 | Lair:3   | Found a staircase to the Swamp.
 14426 | Lair:3   | Noticed Urug
 14449 | Lair:3   | Killed Urug
 14575 | Lair:3   | Reached skill level 5 in Dodging
 14639 | Lair:3   | Found a hole to the Spider Nest.
 15309 | Lair:4   | Found a gate leading to a gauntlet.
 15329 | Gauntlet | Entered a Gauntlet
 15329 | Gauntlet | Found a transporter.
 15332 | Gauntlet | Found a transporter.
 15333 | Gauntlet | Noticed a quicksilver ooze
 15350 | Gauntlet | Found a transporter.
 15352 | Gauntlet | Found a transporter.
 15372 | Gauntlet | Found a transporter.
 15385 | Gauntlet | Found a transporter.
 15389 | Gauntlet | Found a transporter.
 15393 | Gauntlet | Found a transporter.
 15395 | Gauntlet | Found a runed translucent door.
 15415 | Gauntlet | Found the amulet of the Four Winds {rN+ Will+++ Clar}
 15416 | Gauntlet | Found a transporter.
 15436 | Gauntlet | Found a transporter.
 15441 | Gauntlet | Found a transporter.
 15448 | Gauntlet | Found a transporter.
 15754 | Gauntlet | Identified the +1 helmet "Esuogoim" {rPois Regen+ Str+2
                  | Dex+3}
 15810 | Gauntlet | Learned a level 1 spell: Apportation
 15858 | Gauntlet | Identified the +4 plate armour "Xaopu" {rF+}
 15858 | Gauntlet | Noticed a minotaur
 15859 | Gauntlet | Found the +4 robe of Folly {Brilliance Will-∞ Int+8}
 15885 | Gauntlet | Killed a minotaur
 15885 | Gauntlet | Received a gift from Okawaru
 15914 | Gauntlet | Got the Directory of Wicked Mysteries and Impurities
 16352 | Lair:4   | Gained mutation: Your large and strong wings let you fly.
                  | [Gargoyle growth]
 16352 | Lair:4   | Reached XP level 14. HP: 88/88 MP: 23/23
 16831 | D:10     | Bought a scroll of brand weapon for 133 gold pieces
 16932 | Lair:5   | Entered Level 5 of the Lair of Beasts
 17055 | Lair:5   | Found a viscous altar of Jiyva.
 17055 | Lair:5   | Found a staircase to the Slime Pits.
 17170 | Lair:5   | Found a runed translucent gate.
 17171 | Lair:5   | Found a runed translucent gate.
 17172 | Lair:5   | Found a runed translucent gate.
 17201 | Lair:5   | Reached skill level 10 in Shields
 17252 | Lair:5   | Received a gift from Okawaru
 17671 | Lair:5   | Reached ****** piety under Okawaru
 17832 | Lair:5   | Noticed diceflayer's ghost (journeyman DsHu)
 18032 | Lair:5   | Noticed a dire elephant
 18044 | Lair:5   | Killed a dire elephant
 18045 | Lair:5   | Reached skill level 11 in Armour
 18074 | Lair:5   | Identified a scroll of acquirement
 18075 | Lair:5   | Acquired the +6 eveningstar of Purpose {vorpal, rPois
                  | Str+4}
 18184 | Lair:5   | Killed diceflayer's ghost
 18184 | Lair:5   | Received a gift from Okawaru
 18422 | D:12     | Found a staircase to the Orcish Mines.
 18563 | D:12     | Reached skill level 15 in Maces & Flails
 19449 | D:13     | Noticed Maurice
 19457 | D:13     | Killed Maurice
 19886 | D:13     | Identified the +1 pair of gloves "Sosholab" {rC+ rCorr
                  | Int-3} (Okawaru gifted it to you on level 13 of the
                  | Dungeon)
 19886 | D:13     | Received a gift from Okawaru
 19887 | D:13     | Reached XP level 15. HP: 92/92 MP: 24/24
 19924 | D:13     | Reached skill level 12 in Armour
 20136 | D:13     | Acquired 928 gold pieces
 20156 | D:13     | Found a gate to the Vaults.
 20525 | D:14     | Noticed Azrael
 20557 | D:14     | Killed Azrael
 21171 | D:15     | Entered Level 15 of the Dungeon
 21271 | D:15     | Identified the +4 whip of Floods {freeze, +Blink Str-4
                  | Dex+10}
 21436 | D:15     | Received a gift from Okawaru
 21579 | D:15     | Found a staircase to the Depths.
 21654 | D:15     | Reached skill level 13 in Armour
 21759 | D:15     | Found a shimmering altar of Xom.
 21759 | D:15     | Found a shimmering altar of Xom.
 21761 | D:15     | Found a shimmering altar of Xom.
 21761 | D:15     | Found a shimmering altar of Xom.
 21764 | D:15     | Found a shimmering altar of Xom.
 21770 | D:15     | Found a shimmering altar of Xom.
 21770 | D:15     | Found a shimmering altar of Xom.
 21931 | D:15     | Noticed Epsin's ghost (journeyman MiFi)
 21932 | D:15     | Found a transporter.
 21936 | D:15     | Identified the +6 great mace of Tyore {flame, rC+ MP-9
                  | Str+6}
 21936 | D:15     | Noticed a fire giant
 21938 | D:15     | Noticed a fire giant
 22158 | D:15     | Found a transporter.
 22251 | Orc:1    | Entered Level 1 of the Orcish Mines
 22449 | Orc:2    | Entered Level 2 of the Orcish Mines
 22877 | Abyss:1  | Found a corrupted altar of Lugonu.
 22877 | Abyss:1  | Cast into level 1 of the Abyss (orc)
 22962 | Abyss:2  | Noticed a Hell Sentinel
 22979 | Orc:2    | Escaped the Abyss
 23182 | Orc:2    | Noticed Saint Roka
 23198 | Orc:2    | Reached XP level 16. HP: 75/97 MP: 17/25
 23223 | Orc:2    | Killed Saint Roka
 23346 | Orc:2    | Found Oqebb's Antique Weapon Shoppe.
 23355 | Orc:2    | Found Nesaech's Antique Armour Emporium.
 23516 | Orc:2    | Found a staircase to the Elven Halls.
 23618 | Orc:2    | Found Ogaunug's Antique Armour Emporium.
 23644 | Orc:2    | Reached skill level 14 in Armour
 23737 | Orc:2    | Found Kuhost's Antique Armour Boutique.
 23753 | Orc:2    | Bought a pair of glowing boots for 202 gold pieces
 23768 | Orc:2    | Gained mutation: You have large cloven feet. [potion of
                  | mutation]
 23768 | Orc:2    | Gained mutation: You are very clumsy. (Dex -4) [potion of
                  | mutation]
 23768 | Orc:2    | Gained mutation: You are agile. (Dex +4, Str/Int -1)
                  | [potion of mutation]
 24361 | Swamp:1  | Entered Level 1 of the Swamp
 24478 | Swamp:1  | Received a gift from Okawaru
 24531 | Swamp:1  | Identified the +4 leather armour of Limited Liability {rF+
                  | Will+ Str-4 Int+4}
 25037 | Swamp:2  | Noticed a fenstrider witch
 25041 | Swamp:2  | Killed a fenstrider witch
 25711 | Swamp:3  | Noticed Mlioglotl
 25728 | Swamp:3  | Killed Mlioglotl
 25729 | Swamp:3  | Reached skill level 15 in Armour
 25798 | Swamp:3  | Reached skill level 15 in Shields
 25822 | Swamp:3  | Lost mutation: You are clumsy. (Dex -2) [potion of
                  | mutation]
 25822 | Swamp:3  | Lost mutation: You have large cloven feet. [potion of
                  | mutation]
 25822 | Swamp:3  | Lost mutation: You are agile. (Dex +4, Str/Int -1) [potion
                  | of mutation]
 25822 | Swamp:3  | Gained mutation: You do not regenerate when monsters are
                  | visible. [potion of mutation]
 25862 | Swamp:3  | Noticed a fenstrider witch
 25869 | Swamp:3  | Killed a fenstrider witch
 26141 | Swamp:3  | Reached skill level 16 in Armour
 26197 | Swamp:3  | Got Cuecob's Handbook of Glaciation and Combustion
 26202 | Swamp:3  | Learned a level 3 spell: Gell's Gravitas
 26206 | Swamp:3  | Learned a level 3 spell: Teleport Other
 26275 | Swamp:3  | Noticed Mara
 26277 | Swamp:3  | Noticed Hugehornet's illusion
 26560 | Swamp:3  | Noticed Hugehornet's illusion
 26564 | Swamp:3  | Killed Mara
 26603 | Swamp:4  | Entered Level 4 of the Swamp
 27061 | Swamp:4  | Identified the +2 pair of boots of Youthful Indiscretion
                  | {Dex+3} (Okawaru gifted it to you on level 4 of the Swamp)
 27061 | Swamp:4  | Received a gift from Okawaru
 27122 | Swamp:4  | Reached XP level 17. HP: 94/102 MP: 26/26
 27574 | Swamp:4  | Reached skill level 17 in Armour
 27595 | Arena    | Entered the Arena
 28056 | Swamp:4  | Got a decaying rune of Zot
 28414 | D:15     | Killed Epsin's ghost
 28435 | D:15     | Lost mutation: You do not regenerate when monsters are
                  | visible. [potion of mutation]
 28435 | D:15     | Gained mutation: Your spells are a little easier to cast,
                  | but a little less powerful. [potion of mutation]
 28435 | D:15     | Gained mutation: You are somewhat resistant to further
                  | mutation. [potion of mutation]
 28435 | D:15     | Gained mutation: Your muscles are strong. (Str +4, Int/Dex
                  | -1) [potion of mutation]
 28441 | D:15     | Identified the +5 mace of the Magi {spect, *Noise Drain
                  | rElec rCorr}
 28638 | Spider:1 | Entered Level 1 of the Spider Nest
 28708 | Lair:3   | Received a gift from Okawaru
 28983 | Spider:1 | Reached skill level 18 in Armour
 29430 | Spider:1 | Received a gift from Okawaru
 29449 | Spider:2 | Reached XP level 18. HP: 107/107 MP: 30/30
 29491 | Spider:2 | Reached skill level 10 in Translocations
 30000 | Spider:2 | Identified the +3 flail of the Two Names {drain, *Corrode
                  | Fly Str+3}
 30245 | Spider:2 | Identified the +2 robe of Privacy {rPois Str+6 SInv Stlth+}
 31183 | Spider:4 | Entered Level 4 of the Spider Nest
 31463 | Spider:4 | Identified the +4 demon blade "Ykhol" {vorpal, *Rage Will+
                  | rCorr} (Okawaru gifted it to you on level 4 of the Spider
                  | Nest)
 31463 | Spider:4 | Received a gift from Okawaru
 31483 | Spider:4 | Learned a level 3 spell: Conjure Flame
 31566 | Spider:4 | Found a transporter.
 31570 | Spider:4 | Noticed Enish's ghost (adept DgCj)
 31586 | Spider:4 | Found a transporter.
 32264 | Spider:4 | Got a gossamer rune of Zot
 32266 | Spider:4 | Identified the +1 pair of boots of Ufoti {rN+ Will+}
 32349 | Spider:4 | Received a gift from Okawaru
 32745 | Spider:4 | Killed Enish's ghost
 32793 | Spider:4 | Identified the +0 pair of gloves of Gozag's Anger {rF+
                  | Dex+3}
 32798 | Spider:4 | Identified the ring "Quped" {Fire Str+6 Int+2}
 33087 | Elf:1    | Entered Level 1 of the Elven Halls
 33193 | Elf:1    | Reached XP level 19. HP: 115/115 MP: 32/32
 33305 | Elf:1    | Found Ischav's Magic Scroll Shop.
 33323 | Elf:1    | Found Japhaced's Antique Weapon Shop.
 33344 | Elf:1    | Noticed Louise
 33351 | Elf:1    | Killed Louise
 33636 | Elf:1    | Noticed Kirke
 33639 | Elf:1    | Killed Kirke
 33852 | Elf:1    | Received a gift from Okawaru
 33853 | Elf:1    | Reached skill level 10 in Spellcasting
 34027 | Elf:1    | Noticed Zenata
 34052 | Elf:1    | Killed Zenata
 34053 | Elf:1    | Reached skill level 1 in Ranged Weapons
 34195 | Elf:1    | Found Wineir's Magic Scroll Boutique.
 34214 | Elf:1    | Bought a scroll of teleportation for 39 gold pieces
 34214 | Elf:1    | Bought a scroll of enchant armour for 97 gold pieces
 34214 | Elf:1    | Bought a scroll of teleportation for 39 gold pieces
 34214 | Elf:1    | Bought a scroll of enchant armour for 97 gold pieces
 35035 | Elf:2    | Identified the +4 chain mail "Fydurpho" {Regen+ Str-3
                  | Stlth+}
 35254 | Elf:2    | Found a runed translucent gate.
 35254 | Elf:2    | Found a runed translucent gate.
 35259 | Elf:2    | Found a runed translucent gate.
 35317 | Elf:2    | Found Eraesa's Distillery.
 35340 | Elf:2    | Bought a potion of heal wounds for 75 gold pieces
 35340 | Elf:2    | Bought a potion of heal wounds for 75 gold pieces
 35340 | Elf:2    | Bought a potion of curing for 45 gold pieces
 35340 | Elf:2    | Bought a potion of curing for 45 gold pieces
 35532 | Elf:3    | Entered Level 3 of the Elven Halls
 35532 | Elf:3    | Found Evusch's Distillery.
 35535 | Elf:3    | Paralysed by an air elemental for 1 turns
 35540 | Elf:3    | Paralysed by an air elemental for 1 turns
 35557 | Elf:3    | Bought a potion of curing for 45 gold pieces
 35557 | Elf:3    | Bought a potion of curing for 45 gold pieces
 35557 | Elf:3    | Bought a potion of might for 60 gold pieces
 35557 | Elf:3    | Bought a potion of curing for 45 gold pieces
 35567 | Elf:3    | Found Hintorghixou's Armour Boutique.
 35573 | Elf:3    | Found Souc's Antique Weapon Shop.
 35576 | Elf:3    | Found Kyune's Magic Scroll Boutique.
 35585 | Elf:3    | Bought a scroll of enchant weapon for 97 gold pieces
 35739 | Elf:3    | Reached skill level 10 in Invocations
 35782 | Elf:3    | Identified the +8 hand crossbow "Baeruas" {elec, Dex+6}
                  | (Okawaru gifted it to you on level 3 of the Elven Halls)
 35782 | Elf:3    | Received a gift from Okawaru
 35783 | Elf:3    | Reached skill level 5 in Ranged Weapons
 36394 | Elf:3    | Identified the +7 short sword "Ogrea" {vamp, Dex+5 Stlth+}
 36474 | Elf:3    | Identified the amulet of Circularity {Spirit Rampage Will+
                  | Int+2 Dex+3}
 36489 | Elf:3    | Reached XP level 20. HP: 105/122 MP: 34/34
 36493 | Elf:3    | Received a gift from Okawaru
 36615 | Elf:3    | Reached skill level 10 in Ranged Weapons
 36707 | Elf:3    | Identified the +2 trident "Iloe" {flame, Dex+3}
 36714 | Elf:3    | Identified the ring of the Mackerel {Wiz Contam rC- Int+4
                  | Dex+5}
 36726 | Elf:3    | Got Sif Muna's Volume of Beckoning and Toxicity
 36732 | Elf:3    | Got the Guide on Glamour
 36738 | Elf:3    | Learned a level 2 spell: Blink
 36776 | Elf:3    | Identified the +4 chain mail "Xusiemie" {Rampage Will+}
 37755 | Vaults:1 | Entered Level 1 of the Vaults
 37911 | Vaults:1 | Noticed Donald
 37988 | Vaults:1 | Killed Donald
 38054 | Vaults:1 | Received a gift from Okawaru
 38694 | Vaults:1 | Found a transporter.
 38698 | Vaults:1 | Found a transporter.
 38711 | Vaults:1 | Identified the ring of Entrepreneurial Spirit {rC+ Will+}
 38729 | Vaults:1 | Noticed Manslay's ghost (adept OpCj)
 38739 | Vaults:1 | Found a one-way gate to the infinite horrors of the Abyss.
 38891 | Vaults:1 | Identified the +3 chain mail of Wadoi {Str+4} (Okawaru
                  | gifted it to you on level 1 of the Vaults)
 38891 | Vaults:1 | Received a gift from Okawaru
 39200 | Vaults:1 | Reached skill level 15 in Ranged Weapons
 39206 | Vaults:1 | Reached XP level 21. HP: 87/127 MP: 35/35
 39847 | Vaults:2 | Reached skill level 19 in Armour
 40183 | Vaults:2 | Received a gift from Okawaru
 40385 | Vaults:2 | Identified the +8 fire dragon scales of the Lair of Beasts
                  | {Rampage rElec rF++ rC- SInv}
 41212 | Vaults:3 | Killed from afar by an ironbound thunderhulk

Illustrated notes

Levels and vault maps discovered:
D:1:      heliophobic_arrival_henge, layout_loops_ring, basic_ecumenical_altar
D:2:      layout_loops_ring, basic_altar, grunt_decor_clamped
D:3:      minmay_roachtagon, layout_loops_ring, gammafunk_ghost_necromancy,
          uniq_jessica, uniq_ijyb, uniq_terence
D:4:      layout_cave_pods, marbit_many_paths, serial_shops,
          nicolae_diamond_shop, uniq_crazy_yiuf_cottage, uniq_eustachio
D:5:      layout_loops_ring, dancing_weapons_uskayaw,
          nicolae_shop_overcharged_wands, uniq_edmund, uniq_sigmund, uniq_pikel
D:6:      lemuel_ice_spiral_2, layout_rooms, lemuel_zombie_altar_yredelemnul,
          minmay_temple_entry_mist, serial_shops, kennysheep_mini_moat,
          nicolae_diamond_shop
D:7:      layout_rooms, nicolae_gozag_zags_fifth_avenue, lemuel_crystal_altar,
          mainiacjoe_overflow_boulevard, amethyst_overflow_temple_binary
D:8:      layout_basic, mainiacjoe_overflow_concentric_impassable
D:9:      layout_grid_maze, mainiacjoe_overflow_catwalk_spiral, dk_vineyard_2,
          uniq_erolcha
D:10:     layout_cave_pools, lemuel_coloured_pillars_altar,
          due_lair_maze_entry_diamond, special_room [special_room_bee],
          minmay_shop_grid_forest, uniq_josephine
D:11:     layout_basic, serial_demonic, serial_demonic_d, serial_demonic_d,
          serial_demonic_e, serial_demonic_g, uniq_snorg
D:12:     layout_rooms, zombieorc2_lemuel, serial_glass, glass_columns_a,
          glass_columns_a, special_room [special_room_orc]
D:13:     layout_gridville, david_vaults_5, corexii_leaking_fountain,
          uniq_maurice
D:14:     layout_gridville, bh_walls_and_bars, uniq_azrael
D:15:     grunt_enter_depths_magical_seal, layout_long_grid,
          nicolae_xom_altar_mimics, gammafunk_ghost_smash
Temple:   hellmonk_temple_flake
Lair:1:   layout_big_grid, dreamdust_gnoll_shepherd
Lair:2:   layout_chaotic_city, minivault_23, nicolae_quartered_pool_super,
          chequers_serial_rivers_micro_e, uniq_nergalle, uniq_maggie
Lair:3:   layout_regular_city, swamp_mist, nicolae_spider_entry_orb_guardian,
          uniq_urug
Lair:4:   layout_roguey, gauntlet_entry_generic
Lair:5:   grunt_lair_end_beastmaster, layout_regular_city, slime_entry_1,
          gammafunk_ghost_split
Swamp:1:  layout_basic_swamp, hangedman_swamp_diagram, swamp_pool3
Swamp:2:  layout_basic_swamp, nicolae_swamp_round_clearing
Swamp:3:  layout_basic_swamp, evilmike_swamp_ruin_house_6, uniq_mara,
          uniq_mlioglotl
Swamp:4:  swamp_basic_johnstein, layout_basic_swamp, swamp_pool1,
          infiniplex_staircase_pool_2
Spider:1: layout_spider_delve
Spider:2: layout_spider_delve, hellmonk_motheaten_closet,
          nicolae_spider_cling_halls
Spider:3: layout_spider_delve
Spider:4: hellmonk_spider_rune_endless_swarm, gammafunk_ghost_berserking_beasts
Orc:1:    layout_diamond_mine, basic_altar
Orc:2:    grunt_orc_community_town_hall, layout_caves,
          grunt_orc_community_big_house_1, grunt_orc_community_big_house_2,
          grunt_orc_community_house_3, grunt_orc_community_house_2,
          grunt_orc_community_house_2, grunt_orc_community_house_1,
          grunt_orc_community_house_1, grunt_orc_community_house_2,
          uniq_saint_roka
Elf:1:    elf_arrival_001, layout_geoelf_diagonals, serial_shops,
          nicolae_shop_waterfront, nicolae_shop_competitors_out_of_business,
          nicolae_lakefront_shop, minmay_elf_crystal_heptagon, st_stairs_12,
          uniq_kirke, uniq_zenata, uniq_louise
Elf:2:    elven_hall_of_blades_hangedman_original [mumra_blade_entry_dagger],
          layout_geoelf_diagonals, serial_shops, shop, minmay_misc_feat_pillars
Elf:3:    minmay_elf_hall_furrowed, layout_rooms, serial_shops,
          nicolae_shop_trees, nicolae_elf_martial_mastery, minmay_shop_star
Vaults:1: gammafunk_ghost_abyssal_escape, nicolae_vaults_specimen_jars,
          nicolae_vaults_shelves_hall, nicolae_vaults_what_the_h,
          v_alt_pattern_5, hangedman_vaults_nails, st_squares, v_misc_31,
          vaults_mumra_minichess, vaults_dpeg_emergency_exit, v_pattern_2,
          vaults_room_pools, v_misc_23, layout_vaults_big_room, uniq_donald
Vaults:2: v_alt_pattern_1, ontoclasm_vaults_decontamination, v_misc_12,
          v_misc_15, hangedman_vaults_impose, hangedman_vaults_locks, v_rooms_6,
          v_misc_4, nicolae_vaults_circle_grid_b, v_misc_15,
          nicolae_vaults_ring_of_whatevers, nicolae_vaults_rhombus_7,
          layout_vaults_omnibox
Vaults:3: mu_enter_wizlab_6, minmay_crypt_entry_simple_statues,
          ontoclasm_vaults_ring_large, vaults_room_boxed,
          ontoclasm_vaults_tryst, hangedman_vaults_maws, grunt_vaults_swirl,
          vaults_room_grunt_arrival_checkpoint, ontoclasm_vaults_idyll,
          ontoclasm_vaults_eye, nicolae_vaults_asterisk, ontoclasm_vaults_chip,
          layout_vaults_ring, uniq_margery

Skill      XL: |  1  2  3  4  5  6  7  8  9 10 11 12 13 14 15 16 17 18 19 20 21 |
---------------+----------------------------------------------------------------+-----
Maces & Flails | 3 4 5 6 7 9 10 11 13 14 15 16 | 16.4
Armour         | 6 10 11 13 16 18 19 | 19.9
Fighting       | 4 10 11 12 | 12.9
Invocations    | 1 5 6 8 10 | 10.0
Shields        | 5 9 11 13 15 16 | 16.1
Translocations | 2 6 9 10 | 10.0
Spellcasting   | 1 6 8 9 10 | 10.0
Dodging        | 1 6 7 |  7.9
Ranged Weapons | 9 15 16 | 16.0

Action                   |  1- 3 |  4- 6 |  7- 9 | 10-12 | 13-15 | 16-18 | 19-21 || total
-------------------------+-------+-------+-------+-------+-------+-------+-------++-------
Melee: Flail             |    97 |   117 |   238 |   854 |   582 |       |       ||  1888
       Morningstar       |       |    73 |   231 |       |       |       |       ||   304
       Whip              |       |       |    10 |    11 |       |       |       ||    21
       Eveningstar       |       |       |       |       |   977 |  1778 |  1488 ||  4243
 Fire: Hand crossbow     |       |       |       |       |       |       |    31 ||    31
 Cast: Lesser Beckoning  |       |       |       |     1 |       |       |       ||     1
Invok: Heroism           |       |       |       |     4 |    18 |    15 |     4 ||    41
       Finesse           |       |       |       |     2 |     8 |     7 |     3 ||    20
       Duel              |       |       |       |       |       |     1 |       ||     1
  Use: Potion            |       |     2 |     4 |     4 |     2 |    11 |     4 ||    27
       Scroll            |       |       |     8 |     6 |    22 |     7 |     7 ||    50
 Stab: Petrified         |       |       |       |       |     7 |       |       ||     7
       Distracted        |       |       |       |       |     1 |       |     1 ||     2
       Confused          |       |       |       |       |       |     2 |       ||     2
Armor: Scale mail        |    51 |   125 |   308 |   577 |   645 |       |       ||  1706
       Plate armour      |       |       |       |       |   116 |  1316 |   505 ||  1937
Dodge: Dodged            |    41 |    90 |   238 |   349 |   461 |   549 |   236 ||  1964
Block: Buckler           |    12 |    33 |    98 |   163 |    21 |       |       ||   327
       Kite shield       |       |       |       |       |   151 |       |       ||   151
       Tower shield      |       |       |       |       |  1230 |  2835 |  1551 ||  5616
       Reflection        |       |       |       |       |    51 |    25 |   128 ||   204
